 Dungeon Crawl Stone Soup version 0.21-a0-591-g2314aa1 (webtiles) character file.

368 SpeedyPerson7 the Chopper (level 6, 22/57 HPs)
             Began as a Deep Dwarf Fighter on Dec 22, 2017.
             Was a Follower of Fedhas.
             Quit the game on level 3 of the Dungeon.
             The game lasted 00:02:28 (1513 turns).

SpeedyPerson7 the Chopper (Deep Dwarf Fighter)      Turns: 1513, Time: 00:02:29

Health: 22/57      AC:  7    Str: 21    XL:     6   Next: 41%
Magic:  1/1        EV:  7    Int:  9    God:    Fedhas [*.....]
Gold:   101        SH: 10    Dex: 12    Spells: 5/5 levels left

rFire    . . .     SeeInvis .   a - +0 war axe
rCold    . . .     Gourm    .   c - +0 shield
rNeg     . . .     Faith    .   b - +0 scale mail
rPois    .         Spirit   .   (no helmet)
rElec    .         Reflect  .   (no cloak)
rCorr    .         Harm     .   (no gloves)
MR       .....                  (no boots)
Stlth    ..........             (no amulet)
HPRegen  0.00/turn              (no ring)
MPRegen  0.07/turn              (no ring)

@: non-regenerating
A: damage resistance, heal wounds, sense surroundings 1, no regeneration
a: Heal Wounds, Fungal Bloom, Evolution, Renounce Religion


You were on level 3 of the Dungeon.
You worshipped Fedhas.
Fedhas was aware of your devotion.
You were not hungry.

You visited 1 branch of the dungeon, and saw 3 of its levels.

You collected 101 gold pieces.

Inventory:

Hand Weapons
 a - a +0 war axe (weapon)
Armour
 b - a +0 scale mail (worn)
 c - a +0 shield (worn)
Wands
 f - a wand of iceblast (4)
Scrolls
 h - 2 scrolls of identify {unknown}
 i - a scroll of blinking {unknown}
 j - 2 scrolls of remove curse {unknown}
 l - a scroll of teleportation {unknown}
 o - a scroll of fog {unknown}
Potions
 d - a potion of might
 g - 2 potions of heal wounds {unknown}
 k - 2 potions of curing {unknown}
 m - 2 potions of mutation {unknown}
 n - 2 potions of lignification {unknown}
Comestibles
 e - 3 rations


   Skills:
 + Level 3.8 Fighting
 * Level 5.0 Axes
 + Level 4.6 Armour
 + Level 4.6 Shields


You had 5 spell levels left.
You didn't know any spells.

Dungeon Overview and Level Annotations

Branches:
Dungeon (3/15)

Altars:
Fedhas


Innate Abilities, Weirdness & Mutations

You are resistant to damage.
You can heal yourself by infusing magical energy.
You passively map a small area around you.
You do not regenerate.


Message History

A hobgoblin comes into view. It is wielding a club.
You are too injured to fight recklessly!
You are too injured to fight recklessly!
You are too injured to fight recklessly!
The hobgoblin hits you but does no damage.
You slash the hobgoblin!
You kill the hobgoblin!
You see here a club.
You enter the shallow water.
Moving in this stuff is going to be slow.
There is a faded altar of an unknown god here.
You cannot tell which god this altar belongs to.
Convert to them anyway?
Okay, then.
You cannot tell which god this altar belongs to.
Convert to them anyway?
Fedhas accepts your prayer! Fedhas welcomes you!
The plants of the dungeon cease their hostilities.
You can now turn corpses into toadstools.
You can now induce evolution.
Are you sure you want to abandon this character and quit the game? (Confirm with "yes".)

######## #### #########......#
#... #≈....).....≈..# #.##
#.≈.≈.≈≈..≈.≈..# #...
#..≈≈≈≈≈≈≈≈≈.≈.# ###.
##########≈≈≈≈≈≈≈≈≈≈≈≈..# #.
.#......##≈.≈≈≈≈≈≈≈≈≈≈≈.# #.
.#.......#≈.≈≈≈...≈≈≈≈..#########
............≈≈≈≈@♣≈≈≈.≈......#...
............≈≈≈≈..≈≈≈.....##.#.#.
...........≈≈≈≈≈≈≈≈≈≈..#..##.#.#.
............≈≈≈≈≈≈≈≈≈≈.#.........
...........≈≈≈≈≈≈≈≈≈≈..##.####...
...............≈.≈.≈..≈...# #...
..........≈...≈≈.≈........# #...
.................##.......# ##...
.................##......## #....


There were no monsters in sight!

Vanquished Creatures
  The ghost of Ontamu the Grasshopper, an amateur GnWr (D:3)
  3 orc wizards (D:3)
  An orc priest (D:3)
  5 adders
  An ooze (D:1)
  3 leopard geckos
  5 orcs (D:3)
  8 bats
  3 giant cockroaches
  8 goblins
  8 hobgoblins
  11 jackals
  A ball python (D:3)
  A frilled lizard (D:3)
  4 kobolds
  3 rats (D:1)
66 creatures vanquished.

Notes
Turn   | Place    | Note
-------+----------+-------------------------------------------
     0 | D:1      | SpeedyPerson7 the Deep Dwarf Fighter began the quest for the Orb.
     0 | D:1      | Reached XP level 1. HP: 20/20 MP: 1/1
    35 | D:1      | Reached XP level 2. HP: 25/27 MP: 2/2
   371 | D:1      | Reached skill level 3 in Axes
   371 | D:1      | Reached XP level 3. HP: 31/33 MP: 3/3
   818 | D:2      | Reached XP level 4. HP: 32/42 MP: 4/4
  1071 | D:3      | Reached skill level 4 in Axes
  1071 | D:3      | Reached XP level 5. HP: 42/49 MP: 5/5
  1094 | D:3      | Found a faded altar of an unknown god.
  1173 | D:3      | Noticed Ontamu's ghost (amateur GnWr)
  1330 | D:3      | Killed Ontamu's ghost
  1330 | D:3      | Reached skill level 5 in Axes
  1330 | D:3      | Reached XP level 6. HP: 22/57 MP: 1/1
  1512 | D:3      | Became a worshipper of Fedhas Madash
  1512 | D:3      | Reached * piety under Fedhas
  1513 | D:3      | Quit the game

Vault maps used:
D:1:      roderic_crop_circles_arrival_small
D:2:      minmay_pentomino_q2
D:3:      chequers_ecumenical_altar_island, moated_statue

Skill      XL: |  1  2  3  4  5 |
---------------+----------------+-----
Axes           | 3 4 5 |  5.0
Fighting       | 3 |  3.8
Armour         | 4 |  4.6
Shields        | 4 |  4.6

Action                   |  1- 3 |  4- 6 || total
-------------------------+-------+-------++-------
Melee: War axe           |   103 |   241 ||   344
 Abil: Heal Wounds       |       |    13 ||    13
  Eat: Chunk             |       |     3 ||     3
Armor: Scale mail        |    47 |   112 ||   159
Dodge: Dodged            |    43 |    70 ||   113
Block: Shield            |    75 |   121 ||   196

Table legend:
 A = Spawn XP
 B = Non-spawn XP
 C = Spawn XP percentage of total XP
 D = Spawn monster count
 E = Non-spawn monster count
 F = Spawn count percentage of total count
 G = Total turns spent on level
                    A         B        C        D         E        F      G
               +---------+---------+-------+---------+---------+-------+---------
         Total |       0 |     527 |   0.0 |       0 |      66 |   0.0 |  1513
               +---------+---------+-------+---------+---------+-------+---------
           D:1 |       0 |      57 |   0.0 |       0 |      29 |   0.0 |   675
           D:2 |       0 |      45 |   0.0 |       0 |       6 |   0.0 |   188
           D:3 |       0 |     425 |   0.0 |       0 |      31 |   0.0 |   650
               +---------+---------+-------+---------+---------+-------+---------
